 Dungeon Crawl Stone Soup version 0.31-a0-1074-g0b22e4e0f1 (webtiles) character file.

Game seed: 5866852073837632574

130 ytrimaz the Insei (level 5, -3/49 HPs)
             Began as an Octopode Shapeshifter on Dec 8, 2023.
             Slain by an orc
             ... wielding a +0 whip of electrocution
              (19 damage)
             ... on level 3 of the Dungeon.
             The game lasted 00:01:52 (2282 turns).

ytrimaz the Insei (Octopode Shapeshifter)           Turns: 2282, Time: 00:01:53

Health: -3/49      AC: 22    Str: 13    XL:     5   Next: 14%
Magic:  5/5        EV:  2    Int: 13    God:
Gold:   133        SH:  0    Dex: 13    Spells: 4/4 levels left

rFire   . .          .
                       - Unarmed
rCold   . . .        (no shield)
rNeg    . . .        (helmet currently unavailable)
rPois   +            j - amulet of the acrobat
rElec   .            d - ring of resist corrosion
rCorr   +            n - ring of wizardry
SInv    .            (no ring)
Will    .....        (no ring)
Stlth   +            (no ring)
HPRegen 0.28/turn    (no ring)
MPRegen 0.09/turn    (no ring)
                     (no ring)

%: acrobat, wizardry (x1)
@: tree-form
A: stationary, stasis, torment immunity, boosted hp, almost no armour,
(amphibious), 8 rings, (camouflage 1), (gelatinous body 1), (nimble swimmer 1),
(tentacles)
a: no special abilities


You were on level 3 of the Dungeon.
You were a tree.
You visited 1 branch of the dungeon, and saw 3 of its levels.

You collected 133 gold pieces.


Innate Abilities, Weirdness & Mutations

You are a tree.
Your roots penetrate the ground, keeping you stationary.
You cannot be teleported.
You are immune to unholy pain and torment.
Your maximum health is greatly increased.
You cannot wear most types of armour.
((You are amphibious.))
You can wear up to eight rings at the same time.
((Your skin changes colour to match your surroundings (Stealth+).))
((Your rubbery body absorbs attacks. (AC +1, EV +1)))
((You are camouflaged when in or above water. (Stealth+)))
((You have tentacles for arms and can constrict up to eight enemies at once.))


   Skills:
 - Level 1.0 Fighting
 - Level 2.0 Dodging
 - Level 0.4 Stealth
 + Level 5.6 Unarmed Combat
 - Level 3.0 Shapeshifting


You had 4 spell levels left.
You didn't know any spells.
Your spell library was empty.

Inventory:

Jewellery
 d - a ring of resist corrosion (left branch)
   (You found it on level 1 of the Dungeon)
 j - an amulet of the acrobat (around neck)
   (You found it on level 2 of the Dungeon)
 n - a ring of wizardry (right branch)
   (You found it on level 3 of the Dungeon)
Talismans
 b - a beast talisman
 c - a flux talisman
Scrolls
 e - a scroll of blinking {unknown}
 f - 2 scrolls of identify {unknown}
 g - 3 scrolls of teleportation {unknown}
 h - a scroll of enchant armour {unknown}
 k - 2 scrolls of amnesia {unknown}
 l - a scroll of noise {unknown}
 m - a scroll of fog {unknown}
 p - a scroll of torment {unknown}
 q - a scroll of acquirement {unknown}
Potions
 i - 2 potions of degeneration {unknown}
 o - a potion of might {unknown}

Dungeon Overview and Level Annotations

Branches:
Dungeon (3/15) Zot: 15727

Altars:
Elyvilon

Shops:
D:3

( #..##...#..#.###########
#..##...#..### ##.##...#..##
♣♣ ##.##.......♣♣ ♣♣.♣♣♣
...........(.♣♣ ♣.....♣
...##.........♣♣♣.......
.........≈~≈...♣...≈~≈..
........≈≈~≈≈.....≈≈~≈≈.
#####...~~♣~~..o♣)~~_~~.
####....≈≈~≈≈..ooo≈≈~≈≈.
.........≈~≈...♣...≈~≈..
.##..##.......♣♣♣.......
.##.###......♣♣ ♣.....♣
....# #.#.#.♣ ♣♣.♣♣♣
..#####.#.#.# ♣♣
......#.#.#.#
............################


You could see 4 orcs.


Message History

Unknown command.
You tentacle-slap the orc. Your grab misses the orc.
The orc hits you with a +0 short sword.
The orc wizard gestures at you while chanting.
You resist with some effort. 😕 HP[-1]
You take 1 damage, and now have 27/28 hp.
You closely miss the orc. You grab the orc. You squeeze the orc.
You constrict the orc. The orc closely misses you.
You bludgeon the orc!
You kill the orc!
Unknown command.
You tentacle-slap the orc wizard but do no damage.
You grab the orc wizard. You constrict the orc wizard.
The orc wizard points at you and mumbles some strange words.
You resist with some effort.
The orc throws a boomerang.
The boomerang barely misses you.
You tentacle-slap the orc wizard.
You squeeze the orc wizard, but do no damage.
You constrict the orc wizard.
The orc wizard struggles to escape constriction. 😎 HP[+1]
Your hp is fully restored (28).
You bludgeon the orc wizard! You constrict the orc wizard.
The orc wizard escapes!
The orc hits you with a +0 dagger.
The orc priest calls down the wrath of Beogh upon you.
Beogh smites you!
* * * LOW HITPOINT WARNING * * *
The orc closely misses you. 😨 HP[-16]
You take 16 damage, and now have 12/28 hp.
MASSIVE DAMAGE!! (PAUSE)
You tentacle-slap the orc but do no damage.
You grab the orc. You squeeze the orc.
You kill the orc!
The orc wizard barely misses you. The orc hits you with a +0 mace.
* * * LOW HITPOINT WARNING * * *
The orc misses you. 😨 HP[-2]
You take 2 damage, and now have 10/28 hp.
Unknown command.
Your transformation has ended.
You turn into a tree.
Your roots penetrate the ground.
The orc wizard hits you but does no damage.
The orc hits you but does no damage.
The orc priest hits you but does no damage. 😨 HP[+6]
You now have 42 max hp (+14).
You regained 6 hp, and now have 16/42 hp.
Unknown command.
You hit the orc priest.
The orc wizard hits you but does no damage.
The orc hits you but does no damage. The orc hits you with a +0 dagger.
* * * LOW HITPOINT WARNING * * *
The orc priest calls upon Beogh to heal the orc wizard.
The orc wizard is healed somewhat. 😨 HP[-2]
You take 2 damage, and now have 14/42 hp.
Unknown command.
You hit the orc priest.
The orc wizard hits you but does no damage.
You pummel the orc priest!!
You kill the orc priest!
The orc hits you but does no damage. x3
The orc wizard hits you but does no damage.
You have reached level 5!
You feel clever. 😨 HP[+3] MP[+1]
You now have 49 max hp (+7).
You regained 3 hp, and now have 17/49 hp.
Your mp is fully restored (5).
You hit the orc. The orc hits you but does no damage. x3
The orc wizard hits you but does no damage.
The orc hits you but does no damage.
You closely miss the orc. The orc hits you but does no damage. x3
The orc wizard casts a spell.
The orc wizard flickers and vanishes!
Deactivating autopickup; reactivate with Ctrl-A.
The orc hits you but does no damage.
Unknown command.
You cannot move.
You cannot move.
Unknown command.
You cannot move.
You cannot move.
Unknown command.
You cannot move.
You cannot move.
You miss something. The orc hits you but does no damage. x3
You closely miss something. Something hits you but does no damage.
The orc hits you but does no damage. x4 😨 HP[+1]
You smack something!
Reactivating autopickup.
You feel a bit more experienced. The orc hits you but does no damage.
The orc hits you with a +0 mace.
* * * LOW HITPOINT WARNING * * *
The orc hits you but does no damage. x2
You are electrocuted!!
You die...

Skill      XL: |  1  2  3  4 |
---------------+-------------+-----
Unarmed Combat | 4 5 |  5.6
Fighting       | |  1.0
Dodging        | |  2.0
Stealth        | |  0.4
Shapeshifting  | |  3.0

Action                     |  1- 3 |  4- 6 || total
---------------------------+-------+-------++-------
  Melee: Unarmed           |    62 |    49 ||   111
         Constrict         |    19 |    15 ||    34
         Tentacles         |     9 |     7 ||    16
         Punch             |     2 |     1 ||     3
    Use: Potion            |       |     1 ||     1
   Stab: Sleeping          |     7 |     2 ||     9
 Armour: Skin              |    20 |    47 ||    67
  Dodge: Dodged            |    44 |    22 ||    66

Levels and vault maps discovered:
D:1:      nzn_arrival_settlement, layout_loops_ring,
          hellmonk_ecumenical_altar_crossroads, minmay_misc_feat_five
D:2:      layout_basic
D:3:      layout_basic, elyvilon_altar_3, serial_shops, shop

Notes
Turn   | Place    | Note
-------+----------+-------------------------------------------
     0 | D:1      | ytrimaz the Octopode Shapeshifter began the quest for the
                  | Orb.
     0 | D:1      | Reached XP level 1. HP: 13/13 MP: 1/1
     0 | D:1      | magus.rc [v1.9.6]
   155 | D:1      | Reached XP level 2. HP: 13/18 MP: 2/2
   447 | D:1      | Found a faded altar of an unknown god.
   830 | D:2      | Reached skill level 4 in Unarmed Combat
   923 | D:2      | Reached XP level 3. HP: 18/23 MP: 3/3
  1359 | D:2      | Reached XP level 4. HP: 28/28 MP: 4/4
  1643 | D:3      | Found Koit's Weapon Emporium.
  1713 | D:3      | Reached skill level 5 in Unarmed Combat
  2262 | D:3      | Found a white marble altar of Elyvilon.
  2278 | D:3      | Reached XP level 5. HP: 17/33 MP: 5/5
  2282 | D:3      | Slain by an orc

Vanquished Creatures
  An orc priest (D:3)
  An orc wizard (D:3)
  3 adders (D:2)
  A worm (D:3)
  3 dart slugs
  8 orcs (D:3)
  An endoplasm (D:2)
  2 giant cockroaches
  6 goblins
  5 hobgoblins
  7 jackals
  2 quokkas
  3 ball pythons (D:1)
  3 bats
  4 frilled lizards
  6 kobolds
  A rat (D:1)
57 creatures vanquished.

Table legend:
 A = Non-vault XP
 B = Vault XP
 C = Vault XP percentage of total XP
 D = Non-vault monster count
 E = Vault monster count
 F = Vault count percentage of total count
                 A         B        C        D         E       F
            +---------+---------+-------+---------+---------+-------
      Total |     224 |       0 |   0.0 |      57 |       0 |   0.0
            +---------+---------+-------+---------+---------+-------
        D:1 |      27 |       0 |   0.0 |      17 |       0 |   0.0
        D:2 |      74 |       0 |   0.0 |      20 |       0 |   0.0
        D:3 |     123 |       0 |   0.0 |      20 |       0 |   0.0
            +---------+---------+-------+---------+---------+-------

Skill      XL: |  1  2  3  4 |
---------------+-------------+-----
Unarmed Combat | 4 5 |  5.6
Fighting       | |  1.0
Dodging        | |  2.0
Stealth        | |  0.4
Shapeshifting  | |  3.0

Action                     |  1- 3 |  4- 6 || total
---------------------------+-------+-------++-------
  Melee: Unarmed           |    62 |    49 ||   111
         Constrict         |    19 |    15 ||    34
         Tentacles         |     9 |     7 ||    16
         Punch             |     2 |     1 ||     3
    Use: Potion            |       |     1 ||     1
   Stab: Sleeping          |     7 |     2 ||     9
 Armour: Skin              |    20 |    47 ||    67
  Dodge: Dodged            |    44 |    22 ||    66

Illustrated notes

Table legend:
 A = Kills in this place as a percentage of kills in the entire game.
 B = Kills by you in this place as a percentage of kills by you in the entire game.
 C = Kills by friends in this place as a percentage of kills by friends in the entire game.
 D = Other kills in this place as a percentage of other kills in the entire game.
 E = Experience gained in this place as a percentage of experience gained in the entire game.
 F = Experience gained in this place divided by the number of levels of this place that you have seen.
                   A       B       C       D       E      F
               +-------+-------+-------+-------+-------+----------------------
         Total | 100.0 | 100.0 |   N/A |   N/A | 100.0 |  74.7
       Dungeon | 100.0 | 100.0 |   N/A |   N/A | 100.0 |  74.7
               +-------+-------+-------+-------+-------+----------------------

Table legend: (Time is in decaauts)
 A = Elapsed time spent in this place.
 B = Non-inter-level travel time spent in this place.
 C = Inter-level travel time spent in this place.
 D = Time resting spent in this place.
 E = Time spent auto-exploring this place.
 F = Levels seen in this place.
 G = Mean time per level.
                   A        B        C        D        E       F      G
               +--------+--------+--------+--------+--------+-----+--------+
         Total |   2271 |   2220 |     51 |      0 |   1846 |   3 |  757.0 |
       Dungeon |   2271 |   2220 |     51 |      0 |   1846 |   3 |  757.0 |
               +--------+--------+--------+--------+--------+-----+--------+

Top non-repeatable levels by time:
     D:2: 899 daAuts
     D:1: 729 daAuts
     D:3: 643 daAuts
